AoeStats
← Tavik

Arabia

504480938Analyzed
1v1 RM · 26d ago on Sep 5, 2026· 49m 1s· 2 players
Game mode
Random Map
Map size
Tiny (2 player)
Population
200
Speed
Normal
Resources
Standard
Victory
Conquest
Starting age
Dark Age
Ending age
Imperial Age
RankedLock teamsTeams togetherTeam positionsShared explorationLock speedFull tech treeHidden civsTurbo modeCheats
Victory
Defeat
🇨🇿 Malians · Czechia
1386
+17
🇬🇧 Mongols · United Kingdom
1417
-17
Tavik
7:32 Loom
9:32 Feudal Age
10:18 Double-Bit Axe
11:08 Man-at-Arms
13:17 Horse Collar
20:51 Castle Age
18:58 Fletching
20:01 Bloodlines
19:59 Padded Archer Armor
20:52 Elite Skirmisher
22:12 Wheelbarrow
22:19 Bodkin Arrow
22:34 Light Cavalry
24:55 Ballistics
24:38 Husbandry
32:29 Imperial Age
33:05 Squires
35:09 Hand Cart
34:39 Town Watch
35:07 Bow Saw
36:14 Leather Archer Armor
36:41 Thumb Ring
36:08 Cavalier
38:27 Ring Archer Armor
38:04 Scale Barding Armor
39:44 Farimba
40:39 Chain Barding Armor
40:28 Tigui
42:26 Plate Barding Armor
43:43 Forging
45:27 Chemistry
47:32 Iron Casting
OHW1997
9:39 Feudal Age
11:28 Loom
15:50 Castle Age
14:31 Double-Bit Axe
17:40 Fletching
20:33 Padded Archer Armor
22:40 Leather Archer Armor
31:48 Wheelbarrow
32:04 Gold Mining
32:06 Stone Mining
34:24 Ballistics
37:25 Imperial Age
36:30 Bodkin Arrow
37:15 Gold Shaft Mining
37:35 Hand Cart
37:10 Town Watch
38:15 Bloodlines
38:07 Husbandry
40:46 Chemistry
40:55 Bracer
41:23 Conscription
42:25 Elite Mangudai
44:26 Bow Saw
47:21 Scale Barding Armor
47:27 Forging
Connection lost

Rejoining the realm…

Still unreachable

The connection could not be restored.

Session expired

The server has moved on; the page needs a fresh start.